 Dungeon Crawl Stone Soup version 0.17-b1-15-g0f5fb43 (webtiles) character file.

108 Eucla the Vandal (level 5, -5/35 HPs)
             Began as a Halfling Hunter on Nov 7, 2015.
             Slain by Eucla's ghost (16 damage)
             ... on level 3 of the Dungeon.
             The game lasted 00:04:15 (1858 turns).

Eucla the Vandal (Halfling Hunter)                  Turns: 1858, Time: 00:04:15

Health: -5/35      AC:  4    Str: 13      XL:     5   Next: 12%
Magic:  5/5        EV: 15    Int: 12 (15) God:
Gold:   148        SH:  0    Dex: 15      Spells: 0 memorised, 4 levels left

rFire  + . .     SeeInvis .     b - +0 short sword
rCold  + . .     Rnd*Rage +     d - +0 leather armour
rNeg   . . .     SustAt   .     (shield restricted)
rPois  +         Gourm    +     (no helmet)
rElec  +         Spirit   .     t - +0 cloak
rCorr  +         Warding  .     (no gloves)
rMut   .         Stasis   .     (no boots)
MR     .....                    i - amulet of the gourmand
Stlth  ++........               (no ring)
                                (no ring)

@: brilliant, resistant, not resistant to hostile enchantments, unstealthy
A: berserk 1, mutation resistance 1
a: no special abilities


You were on level 3 of the Dungeon.
You were not hungry.

You visited 1 branch of the dungeon, and saw 3 of its levels.

You collected 148 gold pieces.

Inventory:

Hand Weapons
 a - a +1 hunting sling
 b - a +0 short sword (weapon)
 j - a +0 dagger
Missiles
 c - 14 sling bullets
 f - 25 stones (quivered)
Armour
 d - a +0 leather armour (worn)
 t - a +0 cloak (worn)
Jewellery
 i - an amulet of the gourmand (around neck)
Scrolls
 h - 2 scrolls of teleportation {unknown}
 k - 2 scrolls of identify {unknown}
 o - a scroll of blinking {unknown}
 q - a scroll of remove curse {unknown}
 s - a scroll of enchant weapon {unknown}
Potions
 m - a potion of heal wounds
Comestibles
 e - 2 bread rations
 g - 2 slices of pizza


   Skills:
 + Level 2.7 Fighting
 + Level 6.7 Slings
 + Level 2.3 Armour
 + Level 2.9 Dodging
 - Level 1.1 Stealth


You had 4 spell levels left.
You didn't know any spells.

Dungeon Overview and Level Annotations

Branches:
Dungeon (3/15)

Altars:
Fedhas
The Shining One

Annotations:
D:3 Eucla's ghost, amateur MiFi


Innate Abilities, Weirdness & Mutations

You are small and have problems with some larger weapons.
You are somewhat resistant to further mutation.
You tend to lose your temper in combat.


Message History

You feel protected. Eucla's ghost misses you.
Drink which item? (? for menu, Esc to quit)
It was a potion of curing.
You feel better. Eucla's ghost closely misses you.
Drink which item? (? for menu, Esc to quit)
It was a potion of degeneration.
There was something very wrong with that liquid.
You feel dopey. Eucla's ghost hits you!
You hit Eucla's ghost but do no damage. Eucla's ghost hits you!
Unknown command.
You barely miss Eucla's ghost. Eucla's ghost barely misses you.
You barely miss Eucla's ghost.
Eucla's ghost hits you but does no damage.
Unknown command.
Unknown command.
You hit Eucla's ghost.
Eucla's ghost is lightly damaged.
Eucla's ghost hits you!
You die...

# #<## #.... ..###.#
#.... ......# ##.#..
..#..######.....
.......#........
##.##........##
#....#.....##
#+###..#..###..# .##
+@###.........## ...#.
#W###.........# ###...
#.# #.......<.#
#.....###.###.........#
......................#
..............#.....#..#
...................###..
..........÷....###..# #.
.....!.(..÷..### #...


You could see Eucla's ghost.

Vanquished Creatures
  4 adders
  A gnoll (D:1)
  4 giant geckos
  5 ball pythons
  A giant cockroach (D:1)
  2 goblins
  8 hobgoblins
  4 jackals (D:2)
  9 bats
  2 giant newts
  9 kobolds
  5 rats
54 creatures vanquished.

Vanquished Creatures (others)
  A rat (D:3)
1 creature vanquished.

Grand Total: 55 creatures vanquished

Notes
Turn   | Place    | Note
--------------------------------------------------------------
     0 | D:1      | Eucla the Halfling Hunter began the quest for the Orb.
     0 | D:1      | Reached XP level 1. HP: 14/14 MP: 1/1
    43 | D:1      | Found a glowing golden altar of the Shining One.
    47 | D:1      | Reached skill level 6 in Slings
    96 | D:1      | Reached XP level 2. HP: 17/19 MP: 2/2
   160 | D:1      | Reached skill level 1 in Armour
   314 | D:1      | Reached XP level 3. HP: 12/24 MP: 3/3
   859 | D:2      | Reached XP level 4. HP: 18/29 MP: 4/4
  1741 | D:3      | Found a blossoming altar of Fedhas.
  1758 | D:3      | Reached XP level 5. HP: 29/35 MP: 5/5
  1829 | D:3      | Noticed Eucla's ghost (amateur MiFi)
  1851 | D:3      | Gained mutation: You tend to lose your temper in combat. [potion of mutation]
  1858 | D:3      | Slain by Eucla's ghost

Action                   |  1- 3 |  4- 6 || total
-------------------------+-------+-------++-------
Melee: Short sword       |     4 |    51 ||    55
 Fire: Hunting sling     |    70 |    64 ||   134
  Use: Potion            |       |     7 ||     7
  Eat: Chunk             |       |     5 ||     5
